Map: Ulrena

Players

zidar

  • Race: Zerg Zerg
  • League: Gold
  • Spawn Location: 11:00

xiele - Winner!

  • Race: Zerg Zerg
  • League: Gold
  • Spawn Location: 7:00

VOD

Have the link to the VOD?

Description

Time

  • Played on: June 16, 2016, 10:51 a.m.
  • Length: 7:19
Show
View Real Time Build Order
Export as new Build Order

zidar Zerg 

Build Orders: Pool First 

Get SALT Encoding   

  12  0:19  Spawning Pool  
  11  0:22  Drone  
  12  0:29  Extractor, Drone  
  12  0:39  Overlord  
  12  1:04  Overlord  
  12  1:08  Zergling x2  
  13  1:12  Queen  
  15  1:27  Zergling x4  
  17  1:46  Zergling x4  
  19  1:47  Metabolic Boost  
  19  1:55  Zergling x2  
  20  2:10  Zergling x4  
  22  2:37  Zergling x6  
  19  3:06  Hatchery  
  13  3:31  Zergling x6  
  16  3:41  Queen  
  18  3:52  Zergling x6  
  18  4:07  Zergling x6  
  21  4:29  Zergling x2  
  22  4:39  Overlord x2, Hatchery  
  22  4:40  Overlord  
  21  5:03  Drone x3  
  23  5:43  Hatchery  
  22  5:59  Drone  
  22  6:00  Drone x2  
  25  6:20  Drone x4  
  29  6:45  Roach Warren  
  29  6:47  Drone x3  
  31  6:49  Drone  
Show
View Real Time Build Order
Export as new Build Order

xiele Zerg - Winner!

Build Orders: Pool First 

Get SALT Encoding   

  12  0:01  Drone  
  13  0:13  Overlord  
  13  0:18  Drone  
  14  0:31  Drone  
  14  0:32  Drone  
  14  0:35  Extractor, Drone  
  16  0:51  Spawning Pool  
  15  0:58  Drone  
  15  1:03  Drone  
  17  1:09  Drone  
  18  1:19  Drone  
  19  1:29  Overlord  
  19  1:39  Queen  
  21  1:44  Spine Crawler  
  20  1:48  Zergling x2  
  20  1:53  Metabolic Boost  
  21  2:04  Zergling x2  
  21  2:05  Zergling x2  
  23  2:19  Zergling x2  
  23  2:21  Queen  
  26  2:33  Zergling x4  
  24  2:45  Zergling x2  
  25  2:55  Zergling x6  
  28  3:24  Hatchery  
  27  3:28  Zergling x4  
  27  3:29  Zergling x2  
  27  3:32  Overlord  
  31  4:06  Drone x5  
  34  4:29  Drone x2  
  36  4:44  Drone  
  37  4:52  Drone  
  38  4:56  Roach Warren, Drone  
  38  4:57  Drone x2  
  40  5:08  Drone  
  40  5:11  Drone x2  
  43  5:15  Overlord  
  43  5:16  Overlord  
  43  5:23  Spine Crawler  
  42  5:29  Zergling x2  
  42  5:34  Spine Crawler  
  42  5:36  Drone x6  
  48  5:46  Drone x3  
  51  5:51  Lair  
  51  5:52  Extractor  
  51  5:54  Spore Crawler  
  49  6:00  Extractor  
  48  6:05  Evolution Chamber  
  48  6:09  Evolution Chamber  
  48  6:11  Evolution Chamber  
  45  6:13  Spore Crawler, Drone x5  
  45  6:14  Drone x2  
  51  6:20  Zergling x6  
  51  6:24  Zergling x8  
  58  6:35  Zergling x2  
  59  6:53  Overlord  
  59  6:54  Overlord x2, Hatchery  
  59  6:57  Overlord  
Tags
 
League
GoldGold
Matchup
ZvZ
Race
Zerg
Spawn Locations
Close Positions
Add a new tag
Caveats
  • Supply blocks, unpowered buildings, or Contaminate may cause inaccurate times.
  • Supply counts are checked every 10 seconds.